 Dungeon Crawl Stone Soup version 0.31-a0-836-g3ceb0a68c4 (webtiles) character file.

Game seed: 15401403831510294439

55 Kurtz the Chopper (level 3, -2/26 HPs)
             Began as an Octopode Fighter on Sept 27, 2023.
             Hit by a goblin thrown by Robin (3 damage)
             ... on level 2 of the Dungeon.
             The game lasted 00:00:43 (1257 turns).

Kurtz the Chopper (Octopode Fighter)                Turns: 1257, Time: 00:00:43

Health: -2/26      AC:  1    Str: 17    XL:     3   Next: 93%
Magic:  3/3        EV: 13    Int: 10    God:
Gold:   24         SH:  4    Dex: 11    Spells: 2/2 levels left

rFire   . . .        a - +0 war axe
rCold   . . .        b - +0 buckler
rNeg    . . .        (helmet restricted)
rPois   .            (no amulet)
rElec   .            (no ring)
rCorr   .            (no ring)
SInv    .            (no ring)
Will    .....        (no ring)
Stlth   ++           (no ring)
HPRegen 0.24/turn    (no ring)
MPRegen 0.08/turn    (no ring)
                     (no ring)

%: no passive effects
@: hasted, very quick
A: almost no armour, amphibious, 8 rings, camouflage 1, gelatinous body 1,
(nimble swimmer 1), tentacles
a: no special abilities


You were on level 2 of the Dungeon.
You visited 1 branch of the dungeon, and saw 2 of its levels.

You collected 24 gold pieces.

Inventory:

Hand Weapons
 a - a +0 war axe (weapon)
Armour
 b - a +0 buckler (worn)
Jewellery
 d - a ring of ice
Scrolls
 f - 2 scrolls of teleportation {unknown}
 g - a scroll of blinking {unknown}
 h - a scroll of identify {unknown}
 i - a scroll of enchant armour {unknown}
Potions
 c - 2 potions of might
 e - a potion of haste
 j - 2 potions of enlightenment {unknown}


   Skills:
 - Level 3.0 Fighting
 * Level 4.1 Axes
 - Level 3.0 Dodging
 - Level 3.0 Shields


You had 2 spell levels left.
You didn't know any spells.
Your spell library was empty.

Dungeon Overview and Level Annotations

Branches:
Dungeon (2/15)

Altars:

Annotations:
D:2 Robin


Innate Abilities, Weirdness & Mutations

You cannot wear most types of armour.
You are amphibious.
You can wear up to eight rings at the same time.
Your skin changes colour to match your surroundings (Stealth+).
Your rubbery body absorbs attacks. (AC +1, EV +1)
((You are camouflaged when in or above water. (Stealth+)))
You have tentacles for arms and can constrict up to eight enemies at once.


Message History

A goblin comes into view. It is wielding a +0 dagger.
The goblin unwields a +0 club.
The goblin wields a +0 sling.
The goblin shoots a sling bullet.
The sling bullet closely misses you.
The sling bullet hits the goblin.
The goblin hits you with a +0 dagger.
You closely miss the goblin. Your grab misses the goblin.
The goblin is severely wounded.
Robin throws the goblin at you!
The goblin hits you with a +0 dagger. x2
You are too injured to fight recklessly!
Unknown command.
You are too injured to fight recklessly!
You are too injured to fight recklessly!
Unknown command.
It was a potion of haste.
You feel yourself speed up. You block the goblin's attack.
The goblin barely misses you.
Robin says, "My army is invincible!"
The goblin unwields a +0 sling.
The goblin wields a +0 club.
You block the goblin's attack.
Unknown command.
Unknown command.
You completely miss the goblin. Your grab misses the goblin.
The goblin is severely wounded.
You completely miss the goblin. You hit the goblin but do no damage.
The goblin hits you with a +0 dagger.
* * * LOW HITPOINT WARNING * * *
You block the goblin's attack. The goblin closely misses you.
Unknown command.
You closely miss the goblin. You grab the goblin. You closely miss the goblin.
You hit the goblin.
You kill the goblin!
You constrict the goblin. The goblin hits you with a +0 dagger.
* * * LOW HITPOINT WARNING * * *
The goblin hits you with a +0 club.
* * * LOW HITPOINT WARNING * * *
You slash the goblin!
You kill the goblin!
You closely miss the goblin.
Robin points. "Kill!"
Robin throws the goblin at you!
You die...
Robin says, "And that's why I'm the boss."

.> #. #. #. #####. #
#..... #.#+###########
#.###. #.....)@ggg....
#.....
###....g############.....
.........#...............
.....###.#.######.......#
.... #...# #..#....# ###
#...#########..#.#
#................#
#..##########.##.#
#.........# #.##.#


You could see Robin and 3 goblins.

Vanquished Creatures
  An adder (D:2)
  2 dart slugs (D:1)
  3 ball pythons
  A bat (D:1)
  6 endoplasms
  A giant cockroach (D:1)
  3 hobgoblins (D:1)
  3 jackals (D:1)
  4 kobolds
  3 quokkas
  2 frilled lizards
  6 goblins
  4 rats (D:1)
39 creatures vanquished.

Notes
Turn   | Place    | Note
-------+----------+-------------------------------------------
     0 | D:1      | Kurtz the Octopode Fighter began the quest for the Orb.
     0 | D:1      | Reached XP level 1. HP: 16/16 MP: 1/1
   296 | D:1      | Reached XP level 2. HP: 21/21 MP: 2/2
   365 | D:1      | Reached skill level 3 in Axes
   448 | D:1      | Reached XP level 3. HP: 22/26 MP: 3/3
  1198 | D:2      | Reached skill level 4 in Axes
  1248 | D:2      | Noticed Robin
  1256 | D:2      | HP: 1/26 [goblin/+0 club[Robin] (3)]
  1257 | D:2      | Hit by a goblin thrown by Robin

Illustrated notes

Levels and vault maps discovered:
D:1:      dpeg_arrival_tiny_d, layout_loops_corners, corexii_leaking_fountain
D:2:      layout_basic, corexii_shack, minmay_hexomino_p4, uniq_robin,
          uniq_crazy_yiuf_cottage

Skill      XL: |  1  2  3 |
---------------+----------+-----
Axes           | 3 4 |  4.1
Fighting       | |  3.0
Dodging        | |  3.0
Shields        | |  3.0

Action                     || total
---------------------------++-------
  Melee: War axe           ||    72
         Constrict         ||    17
         Tentacles         ||    12
         Punch             ||     1
    Use: Potion            ||     1
   Stab: Sleeping          ||     8
 Armour: Skin              ||    27
  Dodge: Dodged            ||    37
  Block: Buckler           ||    18

Table legend: (Time is in decaauts)
 A = Elapsed time spent in this place.
 B = Non-inter-level travel time spent in this place.
 C = Inter-level travel time spent in this place.
 D = Time resting spent in this place.
 E = Time spent auto-exploring this place.
 F = Levels seen in this place.
 G = Mean time per level.
                   A        B        C        D        E       F      G
               +--------+--------+--------+--------+--------+-----+--------+
         Total |   1282 |   1234 |     48 |      0 |   1016 |   2 |  641.0 |
       Dungeon |   1282 |   1234 |     48 |      0 |   1016 |   2 |  641.0 |
               +--------+--------+--------+--------+--------+-----+--------+

Top non-repeatable levels by time:
     D:1: 1066 daAuts
     D:2: 215 daAuts
